 Dungeon Crawl Stone Soup version 0.28.0-45-g0d030f2227 (webtiles) character file.

Game seed: 11496054930776306319

176428 Peloso the Tortoise (level 17, -41/168 HPs)
             Began as a Minotaur Fighter on Apr 21, 2022.
             Was the Champion of Okawaru.
             Killed from afar by a deep elf elementalist (53 damage)
             ... with a fireball
             ... on level 3 of the Elven Halls.
             The game lasted 01:28:32 (49291 turns).

Peloso the Tortoise (Minotaur Fighter)             Turns: 49291, Time: 01:28:32

Health: -41/168    AC: 29    Str: 30    XL:     17   Next: 51%
Magic:  18/18      EV: 12    Int:  4    God:    Okawaru [******]
Gold:   2165       SH: 11    Dex: 15    Spells: 16/16 levels left

rFire   . . .      SeeInvis +   a - +10 demon blade of Qirelyjare {freeze, Contam rElec rN++ rCorr}
rCold   + . .      Faith    .   c - +3 warlock's mirror {reflect}
rNeg    + + .      Spirit   .   n - +2 plate armour {rC+}
rPois   +          Reflect  +   N - +1 hat {Will+}
rElec   +          Harm     .   T - +0 cloak {rPois}
rCorr   +          Rampage  .   (no gloves)
Will    ++...                   F - +2 pair of boots
Stlth   ..........              (no amulet)
HPRegen 0.38/turn               E - +6 ring of strength
MPRegen 0.16/turn               W - ring of the Octopus King {AC+1 EV+1 Str+1 Int+1 Dex+1 SInv}

@: no status effects
A: horns 2, retaliatory headbutt, dopey 1, screaming 1, electricity resistance,
weak 1
a: Renounce Religion, Heroism, Finesse, Duel


You were on level 3 of the Elven Halls.
You worshipped Okawaru.
Okawaru was exalted by your worship.
You visited 6 branches of the dungeon, and saw 29 of its levels.
You visited the Abyss 1 time.

You collected 3211 gold pieces.
You spent 1046 gold pieces at shops.

Inventory:

Hand Weapons
 a - the +10 demon blade of Qirelyjare (weapon) {freeze, Contam rElec rN++ rCorr}
   (Okawaru gifted it to you on level 1 of the Orcish Mines)

   It freezes those it strikes, dealing additional cold damage.
   It can also slow down cold-blooded creatures.
   rElec:     It insulates you from electricity.
   rN:        It greatly protects you from negative energy.
   Contam:    It causes magical contamination when unequipped.
   rCorr:     It protects you from acid and corrosion.
 b - the +9 long sword of False Accusations {freeze, Str+4}
   (Okawaru gifted it to you on level 14 of the Dungeon)

   It freezes those it strikes, dealing additional cold damage.
   It can also slow down cold-blooded creatures.
   Str:       It affects your strength (+4).
 r - a +2 long sword of flaming
 t - the +5 falchion "Map Nicuff" {drain, Str+6 Int+2}
   (Okawaru gifted it to you on level 1 of the Elven Halls)

   A truly terrible weapon, it drains the life of any living foe it strikes.
   Str:       It affects your strength (+6).
   Int:       It affects your intelligence (+2).
Missiles
 I - a throwing net (quivered)
Armour
 c - the +3 warlock's mirror (worn) {reflect}
   (You found it on level 2 of the Snake Pit)

   It can block and reflect piercing ranged attacks and magical attacks against
   the wielder's willpower.
 j - a +2 kite shield of reflection
 n - a +2 plate armour of cold resistance (worn)
 F - a +2 pair of boots (worn)
 N - a +1 hat of willpower (worn)
 T - a +0 cloak of poison resistance (worn)
Jewellery
 g - an amulet of faith
 q - a ring of flight
 E - a +6 ring of strength (left hand)
 K - a ring of ice
 O - the ring "Demun" {Fire Int+3 Slay+2}
   (You found it on level 3 of the Lair of Beasts)

   [ring of fire]

   It enhances your fire magic.
   Int:       It affects your intelligence (+3).
   Slay:      It affects your accuracy & damage with ranged weapons and melee
   (+2).
   rF:        It protects you from fire.
   rC:        It makes you vulnerable to cold.
 W - a ring of the Octopus King (right hand) {AC+1 EV+1 Str+1 Int+1 Dex+1 SInv}
   (You took it off a kobold demonologist on level 14 of the Dungeon)

   [ring of see invisible]

   AC:        It affects your AC (+1).
   EV:        It affects your evasion (+1).
   Str:       It affects your strength (+1).
   Int:       It affects your intelligence (+1).
   Dex:       It affects your dexterity (+1).
   SInv:      It lets you see invisible.
Wands
 m - a wand of digging (10)
Scrolls
 f - 9 scrolls of teleportation
 h - 2 scrolls of enchant armour
 i - 2 scrolls of enchant weapon
 l - 5 scrolls of fear
 s - 5 scrolls of immolation
 u - a scroll of holy word {unknown}
 x - a scroll of fog
 y - 3 scrolls of blinking
 z - 2 scrolls of brand weapon
 B - 7 scrolls of noise
 C - a scroll of acquirement {unknown}
 D - a scroll of amnesia
 H - a scroll of identify
 L - 2 scrolls of summoning
 P - a scroll of silence {unknown}
 V - 2 scrolls of magic mapping
Potions
 d - a potion of brilliance
 e - 4 potions of haste
 k - a potion of heal wounds
 o - a potion of attraction {unknown}
 p - 14 potions of curing
 w - 4 potions of flight
 A - 2 potions of invisibility
 G - a potion of might
 S - 2 potions of resistance
 Y - 3 potions of cancellation
Miscellaneous
 v - a phial of floods


   Skills:
 + Level 19.3 Fighting
 + Level 19.6 Long Blades
 + Level 20.8 Armour
 + Level 4.9 Dodging
 + Level 3.1 Stealth
 + Level 15.7 Shields
 + Level 3.6 Invocations
 + Level 1.0 Evocations


You had 16 spell levels left.
You didn't know any spells.
Your spell library contained the following spells:

 Spells                   Type           Power      Damage    Failure   Level
 Beastly Appendage        Tmut           0%         N/A       94%         1
 Sandblast                Erth           0%         2d4       94%         1
 Passwall                 Tmut/Erth      0%         N/A       98%         2
 Sublimation of Blood     Necr           0%         N/A       98%         2
 Wereblood                Tmut           0%         N/A       98%         2
 Ignite Poison            Fire/Tmut/Pois 0%         N/A       100%        3
 Mephitic Cloud           Conj/Pois/Air  0%         N/A       100%        3
 Spider Form              Tmut/Pois      0%         N/A       100%        3
 Stone Arrow              Conj/Erth      0%         3d7       100%        3
 Anguish                  Hex/Necr       0%         N/A       100%        4
 Hailstorm                Conj/Ice       0%         3d3       100%        4
 Ice Form                 Ice/Tmut       0%         N/A       100%        4
 Blade Hands              Tmut           0%         N/A       100%        5
 Freezing Cloud           Conj/Ice/Air   0%         6-21      100%        5
 Iron Shot                Conj/Erth      0%         9d1       100%        6
 Enfeeble                 Hex            0%         N/A       100%        7
 Lehudib's Crystal Spear  Conj/Erth      0%         10d2      100%        8
 Chain Lightning          Conj/Air       0%         N/A       100%        9
 Fire Storm               Conj/Fire      0%         5d1       100%        9
 Shatter                  Erth           0%         3d5*      100%        9
 Tukima's Dance           Hex            Unusable   N/A       N/A         3
 Animate Armour           Summ/Erth      Unusable   N/A       N/A         4
 Simulacrum               Ice/Necr       Unusable   N/A       N/A         6
 Summon Hydra             Summ           Unusable   N/A       N/A         7

Dungeon Overview and Level Annotations

Branches:
Dungeon (15/15)            Temple (1/1) D:7            Lair (6/6) D:8
 Shoals (0/4) Lair:2        Snake (2/4) Lair:2        Slime (0/5) Lair:5
    Orc (2/2) D:11            Elf (3/3) Orc:2        Vaults (0/5) D:14
 Depths (0/4) D:15

Altars:
Ashenzari
Cheibriados
Dithmenos
Elyvilon
Fedhas
Gozag
Hepliaklqana
Kikubaaqudgha
Makhleb
Nemelex Xobeh
Okawaru
Qazlal
Ru
Sif Muna
Trog
Uskayaw
Vehumet
Wu Jian
Xom
Yredelemnul
Zin
The Shining One
Beogh

Shops:
D:10 *!   Orc:2 [:(*   Elf:1 :

Portals:
Abyss: Snake:2

Annotations:
Lair:3 Casa
Elf:2 3 runed translucent doors


Innate Abilities, Weirdness & Mutations

You have a pair of horns on your head.
You reflexively headbutt those who attack you in melee.
You are dopey. (Int -2)
You occasionally shout uncontrollably at your foes.
You are resistant to electric shocks. (rElec)
You are weak. (Str -2)


Message History

You block the fire elemental's attack.
Unknown command.
You cut the deep elf annihilator into ribbons!!!
You freeze the deep elf annihilator.
You kill the deep elf annihilator!
Okawaru accepts your kill. You block the fire elemental's attack.
Unknown command.
The fire elemental hits you. The fire elemental burns you!
* * * LOW HITPOINT WARNING * * *
You feel much better.
The deep elf elementalist casts a spell at thin air.
Some walls begin to move on their own!
You block the fire elemental's attack. The fire elemental hits you.
The fire elemental burns you!
* * * LOW HITPOINT WARNING * * *
The fire elemental hits you.
* * * LOW HITPOINT WARNING * * *
The fire elemental burns you!
* * * LOW HITPOINT WARNING * * *
The deep elf zephyrmancer casts a spell at you.
The bolt of lightning hits the fire elemental.
The fire elemental resists.
The bolt of lightning misses you.
You hear a shout!
The deep elf zephyrmancer casts a spell at you.
The bolt of lightning hits the fire elemental!
The fire elemental resists.
The bolt of lightning hits you! You resist.
* * * LOW HITPOINT WARNING * * *
There is a stone staircase leading up here.
Unknown command.
You block the fire elemental's attack.
The fire elemental completely misses you.
The deep elf pyromancer casts a spell at you.
The bolt of fire hits the fire elemental.
The fire elemental completely resists.
Your +3 warlock's mirror {reflect} reflects the bolt of fire!
The bolt of fire misses the fire elemental.
The bolt of fire hits the deep elf pyromancer!!
The deep elf elementalist casts a spell at you.
The fireball explodes!
The fireball engulfs you!!!
You die...

###..#########.........
.......................
###.............#####.#
#...##########.# #..##
# #.# ##..#
##.#####'###
.e*.####...E......#
##.e...'.........##
#######)..e....@#
#...)...EE# #......°○.#
#####..÷)e○°..#
#...'.....)...#
#.###....<..e## #)#
#######''#
#.#########..#
#............#


You could see a deep elf elementalist (fast, repels missiles), an earth
elemental (summoned), a deep elf pyromancer, a deep elf zephyrmancer and 2 fire
elementals.

Vanquished Creatures
  A lich (Abyss:4)
  Rupert (Lair:3)
  Gastronok (Lair:3)
  The ghost of Nys Cevy the Brawler, an adept TrFi of Qazlal (Snake:2)
  The ghost of Peloso the Peltast, an adept MiFi of Okawaru (Elf:1)
  2 tentacled starspawn (Abyss:3)
  A shadow dragon (D:14)
  A nagaraja (Snake:2)
  3 deep elf sorcerers
  A cacodemon (Snake:2)
  An orc warlord (Orc:2)
  Aizul (Snake:2)
  A very ugly thing (Snake:2)
  2 deep elf demonologists
  4 deep elf annihilators
  A minotaur (D:13)
  The ghost of Cuirinieja the Thaumaturge, a journeyman DECj of Sif Muna (Lair:5)
  The ghost of Deed the Peltast, a journeyman MiFi of Wu Jian (Lair:2)
  An ettin (Orc:1)
  2 deep elf death magi (Elf:2)
  The ghost of 101zpm the Thaumaturge, a journeyman DrIE of Vehumet (D:12)
  A blizzard demon (Abyss:4)
  Fannar (Lair:1)
  An ice dragon (shapeshifter) (Snake:2)
  5 boulder beetles
  9 hydras
  Harold (Lair:1)
  A catoblepas (D:14)
  An ice dragon (Lair:2)
  3 anacondas (Snake:2)
  6 naga warriors
  2 ogre magi
  3 two-headed ogres
  5 centaur warriors
  12 dancing weapons
  3 death yaks
  2 naga sharpshooters
  2 death knights
  2 tengu warriors (D:12)
  An orc high priest (Orc:2)
  2 thrashing horrors (Snake:2)
  5 shock serpents
  2 hell hogs (Snake:2)
  The ghost of PupperPawz the Zephyrmancer, a journeyman TeAE (Orc:1)
  Urug (D:10)
  14 deep elf knights
  4 wretched stars
  6 skeletal warriors (D:15)
  A sea snake (Snake:2)
  2 goliath frogs (Lair:6)
  A flayed ghost (D:14)
  14 deep elf archers
  A wizard (D:15)
  27 deep elf zephyrmancers
  A necromancer (D:14)
  28 deep elf pyromancers
  6 orc knights
  2 phantasmal warriors (Snake:2)
  A sphinx zombie (D:15)
  2 mana vipers
  3 orc sorcerers
  7 cyclopes
  7 ugly things
  A wolf spider (D:14)
  4 manticores
  A worldbinder (Abyss:3)
  2 salamanders (Snake:2)
  A naga mage (Snake:2)
  6 elephants (Lair:5)
  A moth of wrath (Orc:1)
  3 guardian serpents (Snake:2)
  A merfolk siren (Lair:2)
  17 black mambas
  3 smoke demons (Abyss:3)
  Joseph (D:8)
  A gargoyle (D:13)
  24 cane toads
  An efreet (D:9)
  4 rime drakes
  2 unseen horrors
  A kobold demonologist (D:14)
  3 ancient zymes
  3 freezing wraiths
  7 komodo dragons
  A silent spectre (Abyss:3)
  3 meliai (D:13)
  A spectral naga (Snake:2)
  3 tyrant leeches (Lair:6)
  3 polar bears
  8 trolls
  13 blink frogs
  2 slime creatures (D:14)
  8 raiju (Abyss:3)
  An ettin zombie (D:15)
  A centaur simulacrum (D:15)
  A culicivora (shapeshifter) (D:13)
  4 air elementals
  A jumping spider (shapeshifter) (D:13)
  2 spriggan skeletons (D:15)
  A shadow (D:11)
  A wraith (D:11)
  Eustachio (D:4)
  3 water elementals (Elf:1)
  A vampire (D:12)
  3 wyverns
  A human (shapeshifter) (D:15)
  3 fire elementals
  2 basilisks
  A basilisk (shapeshifter) (D:14)
  11 vampire mosquitoes
  70 yaks
  3 small abominations (Abyss:3)
  2 neqoxecs (Abyss:4)
  Edmund (D:4)
  8 wargs
  9 nagas
  2 acid dragons
  3 large abominations
  2 hydra simulacra (Lair:3)
  11 water moccasins
  2 black bears
  28 orc warriors
  A black mamba simulacrum (Lair:3)
  10 ogres
  9 wolves
  A necrophage (D:8)
  2 phantoms
  7 centaurs
  The ghost of 101zpm the Firebug, an amateur GrFE (D:4)
  2 kobold brigands (D:8)
  24 bullfrogs
  2 gnoll sergeants
  3 scorpions
  An earth elemental (Elf:1)
  A wyvern skeleton (D:7)
  A blink frog simulacrum (Lair:3)
  3 killer bees (D:7)
  5 wights
  A rime drake simulacrum (Lair:3)
  An electric eel (Lair:5)
  4 centaur zombies
  A quasit (Abyss:4)
  A centaur skeleton (D:7)
  11 orc priests
  5 jellies
  3 hounds
  An iron imp (Abyss:3)
  Natasha (thrice) (D:2)
  Terence (D:2)
  3 iguanas
  26 orc wizards
  A polar bear simulacrum (Lair:3)
  3 howler monkey zombies
  Robin (D:2)
  10 gnolls
  A howler monkey skeleton (D:5)
  11 adders
  A shadow imp (D:6)
  A white imp (D:5)
  2 worms (D:2)
  A dart slug (D:2)
  48 orcs
  3 ball pythons
  4 bats
  3 endoplasms
  6 giant cockroaches
  14 goblins
  10 hobgoblins
  2 jackals (D:3)
  3 quokkas
  4 frilled lizards
  9 kobolds
  5 rats
  A lurking horror (Abyss:4)
814 creatures vanquished.

Vanquished Creatures (others)
  A deep elf knight (Elf:2)
  A deep elf pyromancer (Elf:1)
  10 bushes
  24 fungi
  64 plants
  7 starspawn tentacles (Abyss:3)
  5 withered plants
112 creatures vanquished.

Grand Total: 926 creatures vanquished

Notes
Turn   | Place    | Note
-------+----------+-------------------------------------------
     0 | D:1      | Peloso the Minotaur Fighter began the quest for the Orb.
     0 | D:1      | Reached XP level 1. HP: 19/19 MP: 0/0
   200 | D:1      | Found a faded altar of an unknown god.
   209 | D:1      | Reached XP level 2. HP: 27/27 MP: 1/1
   735 | D:2      | Noticed Robin
   769 | D:1      | Reached skill level 4 in Armour
  1234 | D:2      | Killed Robin
  1235 | D:2      | Reached XP level 3. HP: 29/33 MP: 2/2
  1340 | D:2      | Noticed Terence
  1355 | D:2      | Killed Terence
  1356 | D:2      | Reached XP level 4. HP: 29/41 MP: 3/3
  1589 | D:2      | Noticed Natasha
  1595 | D:2      | Killed Natasha
  1759 | D:2      | Noticed Natasha
  1764 | D:2      | Killed Natasha
  1765 | D:2      | Reached XP level 5. HP: 47/47 MP: 4/4
  1812 | D:2      | Noticed Natasha
  1818 | D:2      | Killed Natasha
  2095 | D:3      | Reached skill level 5 in Long Blades
  2533 | D:4      | Noticed a black bear
  2541 | D:4      | Killed a black bear
  2542 | D:4      | Reached skill level 5 in Armour
  2542 | D:4      | Reached XP level 6. HP: 53/53 MP: 5/5
  2700 | D:4      | Found a runed translucent door.
  2701 | D:4      | Noticed 101zpm's ghost (amateur GrFE)
  2757 | D:5      | Entered Level 5 of the Dungeon
  2802 | D:5      | Reached skill level 5 in Fighting
  2869 | D:5      | Reached XP level 7. HP: 45/61 MP: 3/6
  3082 | D:5      | Reached skill level 1 in Dodging
  4133 | D:6      | Noticed a yak
  4133 | D:6      | Noticed a yak
  4161 | D:5      | Killed a yak
  4162 | D:5      | Reached skill level 5 in Shields
  4162 | D:5      | Reached XP level 8. HP: 39/70 MP: 3/7
  4351 | D:5      | Reached skill level 6 in Armour
  4813 | D:6      | Reached skill level 7 in Armour
  4901 | D:6      | Reached skill level 10 in Long Blades
  5406 | D:7      | Reached XP level 9. HP: 63/78 MP: 6/8
  5564 | D:7      | Found a staircase to the Ecumenical Temple.
  5573 | Temple   | Entered the Ecumenical Temple
  5765 | Temple   | Became a worshipper of Warmaster Okawaru
  6124 | D:7      | Reached skill level 8 in Armour
  6658 | D:8      | Reached * piety under Okawaru
  6918 | D:8      | Found a staircase to the Lair.
  7193 | D:8      | Noticed Joseph
  7207 | D:8      | Killed Joseph
  7208 | D:8      | Reached skill level 1 in Stealth
  7634 | D:4      | Reached XP level 10. HP: 88/88 MP: 9/9
  7713 | D:4      | Noticed Eustachio
  7722 | D:4      | Killed Eustachio
  7723 | D:4      | Reached skill level 9 in Armour
  7750 | D:4      | Noticed Edmund
  7761 | D:4      | Killed Edmund
  8241 | D:4      | Found a bloodstained altar of Trog.
  8481 | D:9      | Reached ** piety under Okawaru
  8833 | D:8      | Noticed a manticore
  8852 | D:8      | Killed a manticore
  8853 | D:8      | Reached skill level 10 in Armour
  9162 | D:8      | Noticed a deep elf pyromancer
  9164 | D:8      | Noticed an eight-headed hydra
  9166 | D:8      | Noticed an ogre mage
  9184 | D:8      | Noticed a purple ugly thing
  9587 | D:9      | Killed an ogre mage
  9631 | D:9      | Reached *** piety under Okawaru
  9854 | D:8      | Reached skill level 11 in Armour
  9888 | D:8      | Killed a two-headed hydra
  9889 | D:8      | Reached skill level 1 in Invocations
 10173 | D:8      | Killed a deep elf pyromancer
 10174 | D:8      | Reached XP level 11. HP: 80/97 MP: 6/10
 10212 | D:8      | Noticed a centaur warrior
 10222 | D:8      | Killed a centaur warrior
 10277 | D:8      | Killed a purple ugly thing
 10277 | D:8      | Reached **** piety under Okawaru
 10278 | D:8      | Noticed a two-headed ogre
 10286 | D:8      | Killed a two-headed ogre
 10287 | D:8      | Reached skill level 12 in Armour
 11016 | D:10     | Entered Level 10 of the Dungeon
 11091 | D:10     | Reached skill level 10 in Fighting
 11122 | D:10     | Noticed Urug
 11475 | D:10     | Killed Urug
 11797 | D:10     | Reached ***** piety under Okawaru
 11980 | D:10     | Found Zeeta's Distillery.
 11986 | D:10     | Bought a potion of degeneration for 10 gold pieces
 12251 | D:10     | Received a gift from Okawaru
 12527 | D:10     | Found Ucziy's Demolitions Depot.
 13093 | D:11     | Reached skill level 13 in Armour
 13377 | D:11     | Noticed a boulder beetle
 13410 | D:11     | Killed a boulder beetle
 13410 | D:11     | Noticed a two-headed ogre
 13411 | D:11     | Reached XP level 12. HP: 56/110 MP: 6/12
 13413 | D:11     | Killed a two-headed ogre
 13765 | D:11     | Found a staircase to the Orcish Mines.
 13799 | D:11     | Found a broken altar of Ashenzari.
 13808 | D:11     | Noticed an eight-headed hydra
 13821 | D:11     | Killed a five-headed hydra
 14231 | Lair:1   | Entered Level 1 of the Lair of Beasts
 14375 | Lair:1   | Noticed Harold
 14379 | Lair:1   | Noticed a six-headed hydra
 14390 | Lair:1   | Killed Harold
 14398 | Lair:1   | Killed a two-headed hydra
 14399 | Lair:1   | Reached skill level 1 in Evocations
 14794 | Lair:1   | Reached skill level 14 in Armour
 15118 | Lair:1   | Noticed Fannar
 15141 | Lair:1   | Killed Fannar
 15639 | Lair:2   | Received a gift from Okawaru
 15702 | Lair:2   | Found a staircase to the Shoals.
 15759 | Lair:2   | Reached skill level 15 in Armour
 16590 | Lair:2   | Reached skill level 15 in Long Blades
 16719 | Lair:2   | Found a staircase to the Snake Pit.
 16813 | Lair:2   | Found a transporter.
 16813 | Lair:2   | Found a transporter.
 16813 | Lair:2   | Noticed a boulder beetle
 16813 | Lair:2   | Noticed a boulder beetle
 16860 | Lair:2   | Noticed a four-headed hydra
 16869 | Lair:2   | Killed a one-headed hydra
 16870 | Lair:2   | Reached XP level 13. HP: 118/119 MP: 11/14
 17306 | Lair:2   | Received a gift from Okawaru
 17407 | Lair:3   | Found a runed translucent gate.
 17407 | Lair:3   | Found a runed translucent gate.
 17409 | Lair:3   | Found a runed translucent gate.
 17416 | Lair:3   | Noticed Gastronok
 17429 | Lair:3   | Killed Gastronok
 17429 | Lair:3   | Identified the +1 robe "Coliuqu" {Int+3} (Okawaru gifted it
                  | to you on level 3 of the Lair of Beasts)
 17429 | Lair:3   | Received a gift from Okawaru
 17455 | Lair:3   | Noticed Deed's ghost (journeyman MiFi)
 18055 | Lair:3   | Noticed Rupert
 18373 | Lair:3   | Killed Rupert
 18374 | Lair:3   | Reached skill level 16 in Armour
 19031 | Lair:2   | Killed Deed's ghost
 20153 | Lair:3   | Got the ring "Demun" {Fire Int+3 Slay+2}
 22253 | D:12     | Found a runed translucent gate.
 22253 | D:12     | Found a runed translucent gate.
 22253 | D:12     | Found a runed translucent gate.
 22257 | D:12     | Noticed 101zpm's ghost (journeyman DrIE)
 22277 | D:12     | Found an iron altar of Okawaru.
 22861 | D:12     | Reached ****** piety under Okawaru
 22862 | D:12     | Reached skill level 17 in Armour
 22862 | D:12     | Reached XP level 14. HP: 115/132 MP: 13/15
 23696 | Orc:1    | Entered Level 1 of the Orcish Mines
 23750 | D:11     | Reached skill level 10 in Shields
 24038 | Orc:1    | Found a shimmering blue altar of Sif Muna.
 24137 | Orc:1    | You fall into a shaft and drop 1 floor!
 24137 | Orc:2    | Entered Level 2 of the Orcish Mines
 24189 | Orc:2    | Found a staircase to the Elven Halls.
 24670 | Orc:1    | Noticed PupperPawz's ghost (journeyman TeAE)
 24724 | Orc:1    | Found a transporter.
 24740 | Orc:1    | Received a gift from Okawaru
 24991 | Orc:1    | Found a bloodstained altar of Trog.
 25061 | Orc:1    | Found a transporter.
 25431 | Orc:1    | Identified the +10 demon blade of Qirelyjare {freeze,
                  | Contam rElec rN++ rCorr} (Okawaru gifted it to you on level
                  | 1 of the Orcish Mines)
 25431 | Orc:1    | Received a gift from Okawaru
 25880 | Orc:1    | Killed PupperPawz's ghost
 25905 | Orc:1    | Identified the +0 helmet "Yxaifutoav" {Str+4 Int+3}
 25984 | Orc:2    | Paralysed by an orc sorcerer for 5 turns
 25995 | Orc:2    | Paralysed by an orc sorcerer for 4 turns
 27106 | Orc:2    | Noticed an orc warlord
 27419 | Orc:2    | Killed an orc warlord
 27738 | Orc:2    | Reached skill level 15 in Fighting
 27738 | Orc:2    | Found Hylocyuc's Book Shop.
 27741 | Orc:2    | Found Iluusm's Antique Armour Shop.
 27804 | Orc:2    | Found Leukadem's General Store.
 28200 | Orc:2    | Found Tinaen's Antique Weapon Shop.
 28328 | Orc:2    | Bought a scorched plate armour for 1036 gold pieces
 28328 | Orc:2    | Identified the +3 plate armour of the Echidna {Will- Regen+
                  | Dex+3} (You bought it in a shop on level 2 of the Orcish
                  | Mines)
 29385 | D:13     | Found a runed translucent door.
 29886 | D:14     | Identified the ring of Ykichaca {rPois EV+4 Stlth+}
 29887 | D:14     | Found a gate to the Vaults.
 29891 | D:14     | Identified the +9 long sword of False Accusations {freeze,
                  | Str+4} (Okawaru gifted it to you on level 14 of the
                  | Dungeon)
 29891 | D:14     | Received a gift from Okawaru
 30036 | D:14     | Reached skill level 18 in Armour
 30771 | D:14     | Found the ring of the Octopus King {AC+1 EV+1 Str+1 Int+1
                  | Dex+1 SInv}
 30786 | D:14     | Noticed a shadow dragon
 30806 | D:14     | Killed a shadow dragon
 30822 | D:14     | Identified the +0 plate armour of Okawaru's Anger {MP-9
                  | Int+2 Dex+4 Stlth+} (Okawaru gifted it to you on level 14
                  | of the Dungeon)
 30822 | D:14     | Received a gift from Okawaru
 31154 | D:14     | Found the +12 glaive of Prune {vorpal}
 31563 | D:15     | Entered Level 15 of the Dungeon
 31589 | D:15     | Found a staircase to the Depths.
 31842 | D:15     | Reached XP level 15. HP: 97/144 MP: 13/16
 34181 | D:4      | Killed 101zpm's ghost
 34415 | D:12     | Killed 101zpm's ghost
 34885 | Lair:5   | Reached skill level 19 in Armour
 34948 | Lair:5   | Noticed Cuirinieja's ghost (journeyman DECj)
 34956 | Lair:5   | Found a runed translucent door.
 35040 | Lair:5   | Received a gift from Okawaru
 35141 | Lair:5   | Found a staircase to the Slime Pits.
 35572 | Lair:5   | Killed Cuirinieja's ghost
 35609 | Lair:6   | Entered Level 6 of the Lair of Beasts
 36611 | Lair:6   | Identified the amulet "Amaotaso" {Spirit rElec rPois Str-5
                  | Dex+7}
 37422 | Snake:1  | Entered Level 1 of the Snake Pit
 38340 | Snake:2  | Received a gift from Okawaru
 38342 | Snake:2  | HP: 3/147 [naga warrior/+0 glaive (31)]
 38361 | Snake:2  | Reached XP level 16. HP: 34/155 MP: 17/17
 39082 | Snake:2  | Found a transporter.
 39841 | Snake:2  | Found the +3 warlock's mirror {reflect}
 39868 | Snake:2  | Found a transporter.
 39918 | Snake:2  | Found a shadowy altar of Dithmenos.
 40139 | Snake:2  | Noticed Aizul
 40154 | Snake:2  | Killed Aizul
 40517 | Snake:2  | Found a one-way gate to the infinite horrors of the Abyss.
 40517 | Snake:2  | Noticed Nys Cevy's ghost (adept TrFi)
 40885 | Snake:2  | Gained mutation: You are dopey. (Int -2) [a cacodemon]
 41773 | Snake:2  | Cast into level 3 of the Abyss (nagaraja)
 42032 | Abyss:3  | Noticed a tentacled starspawn
 42050 | Abyss:3  | Noticed a tentacled starspawn
 42051 | Abyss:3  | Killed a tentacled starspawn
 42066 | Abyss:3  | Killed a tentacled starspawn
 42133 | Abyss:3  | Noticed a lich
 42223 | Abyss:4  | Noticed a lich
 42227 | Abyss:4  | Killed a lich
 42268 | Snake:2  | Escaped the Abyss
 43018 | Snake:2  | Gained mutation: You are very dopey. (Int -4) [a cacodemon]
 43020 | Snake:2  | Noticed a storm dragon
 43020 | Snake:2  | an azure jelly changed into a storm dragon
 43371 | Snake:2  | Received a gift from Okawaru
 43385 | Snake:2  | Killed Nys Cevy's ghost
 43566 | Lair:3   | Lost mutation: You are very dopey. (Int -4) [potion of
                  | mutation]
 43566 | Lair:3   | Lost mutation: You are dopey. (Int -2) [potion of mutation]
 43566 | Lair:3   | Gained mutation: You are weak. (Str -2) [potion of
                  | mutation]
 43566 | Lair:3   | Gained mutation: You are dopey. (Int -2) [potion of
                  | mutation]
 43566 | Lair:3   | Gained mutation: You occasionally shout uncontrollably at
                  | your foes. [potion of mutation]
 43566 | Lair:3   | Gained mutation: You are resistant to electric shocks.
                  | (rElec) [potion of mutation]
 43797 | Elf:1    | Entered Level 1 of the Elven Halls
 44166 | Elf:1    | Received a gift from Okawaru
 44541 | Elf:1    | Found a runed translucent door.
 44541 | Elf:1    | Noticed Peloso's ghost (adept MiFi)
 44894 | Elf:1    | Reached skill level 20 in Armour
 45292 | Elf:1    | Noticed a Hell Sentinel
 45326 | Elf:1    | Identified the +5 falchion "Map Nicuff" {drain, Str+6
                  | Int+2} (Okawaru gifted it to you on level 1 of the Elven
                  | Halls)
 45326 | Elf:1    | Received a gift from Okawaru
 45573 | Elf:1    | Found Pyoquch's Book Emporium.
 46167 | Elf:1    | Killed Peloso's ghost
 46529 | Elf:2    | Reached XP level 17. HP: 145/166 MP: 18/18
 46692 | Elf:2    | Reached skill level 15 in Shields
 46713 | Elf:2    | Received a gift from Okawaru
 46724 | Elf:2    | HP: 6/168 [deep elf pyromancer/bolt of fire (14)]
 47233 | Elf:2    | Found a runed translucent gate.
 47233 | Elf:2    | Found a runed translucent gate.
 47233 | Elf:2    | Found a runed translucent gate.
 47454 | Elf:3    | Entered Level 3 of the Elven Halls
 48250 | Elf:3    | Paralysed by an air elemental for 1 turns
 48410 | Elf:3    | Identified the +1 ring mail of Tartarus {rN+ Int+4}
                  | (Okawaru gifted it to you on level 3 of the Elven Halls)
 48410 | Elf:3    | Received a gift from Okawaru
 48425 | Elf:3    | Noticed a Hell Sentinel
 49288 | Elf:3    | HP: 1/168 [fire elemental[a deep elf pyromancer] (10)]
 49291 | Elf:3    | Killed from afar by a deep elf elementalist

Illustrated notes

Levels and vault maps discovered:
D:1:      heliophobic_arrival_battle_scene, layout_rooms,
          shapermc_ecumenical_altar_gd
D:2:      layout_basic, uniq_terence, uniq_robin, uniq_natasha
D:3:      layout_rooms
D:4:      layout_basic, trog_book, ebering_ghost_inner_flame, uniq_eustachio,
          uniq_edmund
D:5:      layout_cave_pods
D:6:      layout_basic, nicolae_concentric_dashed_squares_mild,
          nicolae_figureground_sparkle
D:7:      layout_loops_ring, minmay_temple_entry_crystal_x
D:8:      minmay_klotski, layout_basic, hangedman_decor_peaks_small, uniq_joseph
D:9:      layout_loops_ring
D:10:     layout_irregular_city, serial_shops, shop, nicolae_blasting_shop,
          uniq_urug
D:11:     layout_loops_corners, orc_0_dummy, st_stairs_11,
          cheibrodos_ashenzari_chains
D:12:     layout_basic, gammafunk_ghost_fury_of_okawaru
D:13:     dreamdust_labyrinth, layout_basic
D:14:     kennysheep_bubble_arena, layout_stronghold, erik_vaults_1,
          hangedman_decor_lopped
D:15:     gammafunk_depths_entry_grave, layout_loops_ring, serial_park_square2
Temple:   mainiacjoe_temple_starburst
Lair:1:   layout_regular_city, serial_bayou_pond_c, uniq_fannar, uniq_harold
Lair:2:   gammafunk_boulding_lane, layout_small_grid,
          minmay_shoals_entry_lonely_mermaid, dummy_snake_entry,
          grunt_megastairs_4
Lair:3:   layout_big_grid, gammafunk_ghost_icy, beast_lair_carwin_4,
          uniq_gastronok, uniq_rupert
Lair:4:   layout_regular_city
Lair:5:   layout_concentric_octagons, nicolae_slime_entry_slimehenge,
          hellmonk_ghost_happy_afterlife, infiniplex_staircase_pool
Lair:6:   minmay_lair_end_frog_pond, layout_regular_city, lemuel_fruit_fields
Snake:1:  layout_misc_corridors
Snake:2:  nicolae_snake_unarmed_stairs_patrol, layout_cave_shapes,
          gammafunk_ghost_abyssal_escape, basic_altar,
          nicolae_snake_ghostly_warrior_ritual, serial_bayou_shore_b, uniq_aizul
Orc:1:    layout_caves, gammafunk_ghost_berserking_beasts, basic_altar,
          kennysheep_orc_sif_temple
Orc:2:    grunt_orc_cross, layout_diamond_mine
Elf:1:    elf_arrival_001, layout_loops_ring, gammafunk_ghost_grave,
          serial_shops, shop, hangedman_corner_corridor
Elf:2:    elven_hall_of_blades_hangedman_original [nicolae_blade_little_rooms],
          layout_geoelf_diagonals
Elf:3:    minmay_elf_hall_four_x, layout_gridlike, gammafunk_ghost_ooze

Skill      XL: |  1  2  3  4  5  6  7  8  9 10 11 12 13 14 15 16 17 |
---------------+----------------------------------------------------+-----
Fighting       | 4 5 6 8 9 11 12 14 16 17 18 19 | 19.3
Armour         | 4 5 7 8 11 13 15 17 18 19 20 | 20.8
Shields        | 4 5 6 7 8 9 11 13 14 15 | 15.7
Long Blades    | 3 4 5 6 8 10 12 13 14 15 16 17 18 19 | 19.6
Dodging        | 1 3 4 |  4.9
Stealth        | 1 2 3 |  3.1
Invocations    | 1 2 3 |  3.6
Evocations     | 1 |  1.0

Action                   |  1- 3 |  4- 6 |  7- 9 | 10-12 | 13-15 | 16-18 || total
-------------------------+-------+-------+-------+-------+-------+-------++-------
Melee: Long sword        |    75 |   140 |   279 |   111 |       |       ||   605
       Headbutt          |    13 |    18 |    60 |   125 |   267 |   149 ||   632
       Scimitar          |       |       |       |   436 |   585 |       ||  1021
       Demon blade       |       |       |       |       |   569 |   691 ||  1260
Invok: Heroism           |       |       |     1 |    13 |    23 |     6 ||    43
Evoke: Wand              |       |       |       |     5 |       |       ||     5
  Use: Potion            |     2 |       |     1 |     2 |     4 |     5 ||    14
       Scroll            |       |       |       |    10 |    12 |    10 ||    32
 Stab: Petrified         |       |       |       |       |     8 |       ||     8
Armor: Scale mail        |    25 |       |       |       |       |       ||    25
       Chain mail        |    28 |    34 |       |       |       |       ||    62
       Plate armour      |       |    46 |   164 |   252 |   754 |   296 ||  1512
Dodge: Dodged            |    49 |    41 |    86 |   183 |   491 |   225 ||  1075
Block: Buckler           |    17 |    31 |    66 |   148 |   255 |   166 ||   683
       Kite shield       |       |       |       |       |   215 |   223 ||   438
       Reflection        |       |       |       |       |     9 |    65 ||    74
